 Dungeon Crawl Stone Soup version 0.31-a0-232-gb1c03b2570 (webtiles) character file.

Game seed: 18306520586368959152

60 qw the Shooter (level 3, -1/29 HPs)
             Began as a Minotaur Hexslinger on July 7, 2023.
             Slain by a goblin
             ... wielding a +0 spear
              (2 damage)
             ... on level 2 of the Dungeon.
             The game lasted 00:00:25 (1264 turns).

qw the Shooter (Minotaur Hexslinger)                Turns: 1264, Time: 00:00:26

Health: -1/29      AC:  5    Str: 12    XL:     3   Next: 80%
Magic:  3/3        EV: 11    Int: 10    God:
Gold:   128        SH:  0    Dex: 14    Spells: 3/4 levels left

rFire   . . .        Y - +2 sling
rCold   . . .        (no shield)
rNeg    . . .        d - +0 ring mail
rPois   .            (helmet restricted)
rElec   .            (no cloak)
rCorr   .            (no gloves)
SInv    .            (no boots)
Will    .....        (no amulet)
Stlth   +            (no ring)
HPRegen 0.24/turn    (no ring)
MPRegen 0.08/turn

%: no passive effects
@: no status effects
A: horns 2, retaliatory headbutt
a: no special abilities


You were on level 2 of the Dungeon.
You visited 1 branch of the dungeon, and saw 2 of its levels.

You collected 128 gold pieces.


Innate Abilities, Weirdness & Mutations

You have a pair of horns on your head.
You reflexively headbutt those who attack you in melee.


   Skills:
 - Level 2.0 Fighting
 + Level 4.2 Ranged Weapons
 - Level 1.0 Armour
 - Level 2.1 Dodging
 - Level 1.0 Spellcasting
 - Level 2.0 Hexes


You had 3 spell levels left.
You knew the following spells:

 Your Spells              Type           Power      Damage    Failure   Level
a - Slow                  Hex            16%        N/A       34%         1

Your spell library contained the following spells:

 Spells                   Type           Power      Damage    Failure   Level
 Inner Flame              Hex/Fire       2%         N/A       83%         3
 Portal Projectile        Hex/Tloc       4%         N/A       83%         3
 Cause Fear               Hex            2%         N/A       98%         4

Inventory:

Hand Weapons
 Y - a +2 sling (weapon)
Armour
 d - a +0 ring mail (worn)
Scrolls
 b - a scroll of teleportation {unknown}
Potions
 a - a potion of lignification {unknown}
 c - a potion of ambrosia {unknown}
 h - 3 potions of curing {unknown}
 j - a potion of mutation {unknown}
 k - a potion of resistance {unknown}

Dungeon Overview and Level Annotations

Branches:
Dungeon (2/15)

Altars:

Annotations:
D:2 Ijyb


Message History

The goblin hits you from afar with a +0 spear.
The goblin hits you but does no damage.
You shoot a sling bullet. The sling bullet hits the goblin!
You kill the goblin!
The goblin completely misses you.
You shoot a sling bullet. The sling bullet closely misses Ijyb.
The goblin barely misses you.
The goblin unwields a +0 club.
The goblin wields a +0 sling.
The goblin shoots a sling bullet.
The sling bullet hits you but does no damage.
You shoot a sling bullet.
The sling bullet completely misses Ijyb.
The goblin barely misses you. Ijyb hits you with a +0 club.
The goblin shoots a sling bullet.
The sling bullet hits you. Ijyb hits you but does no damage.
The goblin hits you from afar with a +0 spear.
You shoot a sling bullet. The sling bullet closely misses Ijyb.
The goblin shoots a sling bullet.
The sling bullet barely misses you. The goblin hits you but does no damage.
Ijyb hits you with a +0 club.
The goblin shoots a sling bullet.
The sling bullet closely misses you.
You shoot a sling bullet. The sling bullet barely misses Ijyb.
The goblin hits you from afar with a +0 spear.
Ijyb hits you but does no damage.
The goblin shoots a sling bullet.
The sling bullet closely misses you.
You shoot a sling bullet. The sling bullet hits Ijyb.
Ijyb is lightly wounded.
The goblin closely misses you. Ijyb hits you but does no damage.
The goblin shoots a sling bullet.
The sling bullet hits you but does no damage.
Ijyb hits you but does no damage. The goblin misses you.
You shoot a sling bullet. The sling bullet closely misses Ijyb.
The goblin shoots a sling bullet.
The sling bullet hits you. The goblin hits you but does no damage.
Ijyb zaps a wand.
Your mind is blasted!
The goblin shoots a sling bullet.
The sling bullet barely misses you.
You shoot a sling bullet. The sling bullet closely misses Ijyb.
Ijyb hits you with a +0 club.
The goblin hits you from afar with a +0 spear.
The goblin shoots a sling bullet.
The sling bullet closely misses you.
You shoot a sling bullet. The sling bullet closely misses Ijyb.
The goblin hits you from afar with a +0 spear.
You die...

#.#######
##....%.........# ###
#####...#...........####
8.8.8.#.####.......#....
........# #.....##.#.###
........# #.....##.#.#
..).....# #.....##.#.#
...!.g..# #....(...#.#
.)...g..###.....####.#
8.8.8)g@........####.#
##########...........#
#......###### #......#
........# ###.....#
#######


You could see Ijyb and 2 goblins.

Vanquished Creatures
  2 adders (D:2)
  A worm (D:2)
  A dart slug (D:2)
  2 ball pythons
  6 endoplasms
  2 giant cockroaches (D:2)
  6 goblins
  3 hobgoblins
  A kobold (D:1)
  5 bats (D:1)
  3 frilled lizards
  A rat (D:1)
33 creatures vanquished.

Notes
Turn   | Place    | Note
-------+----------+-------------------------------------------
     0 | D:1      | qw the Minotaur Hexslinger began the quest for the Orb.
     0 | D:1      | Reached XP level 1. HP: 16/16 MP: 1/1
     0 | D:1      | 0 ||| qw: Version: 0.3-a-46-gb1f654a
     0 | D:1      | 0 ||| qw: Game counter: 2231
     0 | D:1      | 0 ||| qw: Melee chars always use a shield: true
     0 | D:1      | 0 ||| qw: God list: Okawaru
     0 | D:1      | 0 ||| qw: Allow faded altars: false
     0 | D:1      | 0 ||| qw: Do Orc after clearing Dungeon:15 true
     0 | D:1      | 0 ||| qw: Do second Lair branch before Depths: true
     0 | D:1      | 0 ||| qw: Lair rune preference: random
     0 | D:1      | 0 ||| qw: Goals: Normal
     0 | D:1      | 0 ||| PLANNING D:1-11
   152 | D:1      | Reached skill level 3 in Ranged Weapons
   160 | D:1      | Reached XP level 2. HP: 23/23 MP: 2/2
   661 | D:1      | 661 ||| UPGRADING to +0 ring mail.
   671 | D:1      | 671 ||| DROPPING +0 robe.
   672 | D:1      | 672 ||| READING 2 scrolls labelled ANNIFEQ ERULAB.
   673 | D:1      | 673 ||| READING 2 scrolls labelled CAMATO WAURAE.
   674 | D:1      | 674 ||| READING scroll labelled ERIHAPS JAOME.
   675 | D:1      | 675 ||| READING scroll labelled SIOTOE GECK.
   776 | D:1      | 776 ||| READING scroll labelled WALIJ JATRE.
   777 | D:1      | 777 ||| DROPPING scroll of revelation.
   778 | D:1      | 778 ||| DROPPING scroll of poison.
   779 | D:1      | 779 ||| DROPPING scroll of fear.
   865 | D:2      | Reached XP level 3. HP: 27/29 MP: 3/3
  1081 | D:2      | Reached skill level 4 in Ranged Weapons
  1143 | D:2      | Reached skill level 1 in Armour
  1251 | D:2      | Noticed Ijyb
  1263 | D:2      | HP: 5/29 [Ijyb/+0 club (4)]
  1263 | D:2      | HP: 1/29 [goblin/+0 spear (4)]
  1264 | D:2      | Slain by a goblin

Levels and vault maps discovered:
D:1:      nagdon_arrival_double_spiral, layout_loops_ring
D:2:      kennysheep_the_goblin_king, layout_basic, minmay_misc_feat_rows

Skill      XL: |  1  2  3 |
---------------+----------+-----
Ranged Weapons | 3 4 |  4.2
Fighting       | 2 |  2.0
Armour         | 1 |  1.0
Dodging        | |  2.1
Spellcasting   | |  1.0
Hexes          | |  2.0

Action                     || total
---------------------------++-------
   Fire: Sling             ||   103
    Use: Scroll            ||     5
 Armour: Robe              ||     3
         Ring mail         ||    16
  Dodge: Dodged            ||    37

Table legend:
 A = Non-vault XP
 B = Vault XP
 C = Vault XP percentage of total XP
 D = Non-vault monster count
 E = Vault monster count
 F = Vault count percentage of total count
                 A         B        C        D         E       F
            +---------+---------+-------+---------+---------+-------
      Total |      79 |       7 |   8.1 |      29 |       4 |  12.1
            +---------+---------+-------+---------+---------+-------
        D:1 |      28 |       0 |   0.0 |      17 |       0 |   0.0
        D:2 |      51 |       7 |  12.1 |      12 |       4 |  25.0
            +---------+---------+-------+---------+---------+-------
